 Dungeon Crawl Stone Soup version 0.18.1-47-g9310371 (webtiles) character file.

2609 Sirdec the Cleaver (level 9, -3/64 HPs)
             Began as a Demonspawn Chaos Knight on June 20, 2016.
             Slain by Joseph
             ... wielding a +0 quarterstaff
              (11 damage)
             ... on level 7 of the Dungeon.
             The game lasted 00:57:53 (5691 turns).

Sirdec the Cleaver (Demonspawn Chaos Knight)        Turns: 5691, Time: 00:57:53

Health: -3/64      AC:  9    Str: 15    XL:     9   Next: 34%
Magic:  8/8        EV: 13    Int: 14    God:    Xom [.*....]
Gold:   453        SH:  0    Dex: 13    Spells: 0 memorised, 8 levels left

rFire  + . .     SeeInvis .     K - +0 war axe
rCold  . . .     Gourm    .     b - +2 leather armour
rNeg   . . .     Faith    .     (no shield)
rPois  .         Spirit   .     (helmet unavailable)
rElec  .         Dismiss  .     F - +1 cloak {MR+}
rCorr  .         Reflect  .     (no gloves)
SustAt .         Harm     .     h - +0 pair of boots
MR     ++...     Rnd*Rage +     (no amulet)
Stlth  ..........               r - ring "Awuci" {MR+ Stlth-}
                                J - ring of protection from fire

@: drained, very resistant to hostile enchantments, extremely unstealthy
A: hooves 1, horns 3, molten scales 1, berserk 1, blurry vision 1, low mp 1,
powered by death 2, slow regeneration 1, subdued magic 1, sturdy frame 1
a: Renounce Religion


You were on level 7 of the Dungeon.
You worshipped Xom.
You were a plaything of Xom.
You were not hungry.

You visited 2 branches of the dungeon, and saw 8 of its levels.

You collected 453 gold pieces.

Inventory:

Hand Weapons
 a - a +0 hand axe of chaos
 l - a +4 club
 p - a +0 whip of freezing
 s - a +1 broad axe of chaos
 u - a +0 morningstar of flaming
 E - the +7 mace of the Asp {crush, rN+}
   (You found it on level 5 of the Dungeon)

   It inflicts extra damage upon your enemies.
   It protects you from negative energy.
 K - a +0 war axe (weapon)
Missiles
 L - 3 tomahawks (quivered)
Armour
 b - a +2 leather armour (worn)
 g - a +0 ring mail
 h - a +0 pair of boots (worn)
 v - a +0 scale mail
 F - a +1 cloak of magic resistance (worn)
 H - a +0 chain mail
Jewellery
 n - an uncursed ring of resist corrosion
 r - the ring "Awuci" (right hand) {MR+ Stlth-}
   (You found it on level 7 of the Dungeon)

   [ring of loudness]

   It affects your resistance to hostile enchantments.
   It makes you less stealthy.
 J - a ring of protection from fire (left hand)
 M - an uncursed amulet of harm
Wands
 B - a wand of disintegration (5/24)
Scrolls
 d - 5 scrolls of identify
 e - a scroll of recharging
 i - 2 scrolls of amnesia {unknown}
 j - 2 scrolls of enchant weapon {unknown}
 m - a scroll of enchant armour {unknown}
 q - 4 scrolls of remove curse {unknown}
 w - 3 scrolls of teleportation
 y - a scroll of fog {unknown}
 A - a scroll of fear {unknown}
 D - a scroll of holy word {unknown}
Potions
 t - a potion of mutation {unknown}
 x - a potion of curing
 G - a potion of flight {unknown}
 I - a potion of lignification {unknown}
Books
 C - a book of Power

   Spells                             Type                      Level
   a - Fulminant Prism                Conjuration/Hexes            4
   b - Iskenderun's Mystic Blast      Conjuration                  4
   c - Venom Bolt                     Conjuration/Poison           5
   d - Bolt of Magma                  Conjuration/Fire/Earth       5
   e - Iron Shot                      Conjuration/Earth            6
   f - Orb of Destruction             Conjuration                  7
   g - Spellforged Servitor           Conjuration/Summoning        7
Comestibles
 c - 3 bread rations
 f - 3 meat rations
 o - a beef jerky
 z - 3 slices of pizza


   Skills:
 + Level 3.5(2.4) Fighting
 * Level 9.6(8.4) Axes
 + Level 4.7(3.5) Armour
 - Level 5.2(4.0) Dodging
 - Level 0.2(0.0) Stealth


You had 8 spell levels left.
You didn't know any spells.

Dungeon Overview and Level Annotations

Branches:
Dungeon (7/15)             Temple (1/1) D:5

Altars:
Ashenzari
Cheibriados
Dithmenos
Elyvilon
Fedhas
Makhleb
Nemelex Xobeh
Okawaru
Qazlal
Ru
Sif Muna
Trog
Vehumet
Xom
Yredelemnul
Zin
The Shining One

Shops:
D:7 *

Annotations:
D:7 Joseph


Innate Abilities, Weirdness & Mutations

You have a pair of large horns on your head.
You are partially covered in molten scales (AC +1).
You regenerate health from kills.
You have large cloven feet.
You tend to lose your temper in combat.
Scrolls take you a little longer to read.
Your magical capacity is low (-10% MP).
You regenerate slowly when monsters are visible.
Your spells are a little easier to cast, but a little less powerful.
Your movements are slightly less encumbered by armour (ER -2).


Message History

You barely miss Joseph.
Joseph is heavily wounded.
Joseph says, "It's nothing personal, but I have to kill you."
Joseph hits you with an uncursed quarterstaff!
You hit Joseph but do no damage.
Joseph is heavily wounded.
Joseph closely misses you.
You closely miss Joseph.
Joseph is heavily wounded.
Joseph hits you with an uncursed quarterstaff!
* * * LOW HITPOINT WARNING * * *
Drink which item? (? for menu, Esc to quit)
It was a potion of curing.
You feel better.
Joseph hits you with an uncursed quarterstaff!
* * * LOW HITPOINT WARNING * * *
You hit Joseph but do no damage. Your headbutt misses Joseph.
Joseph is moderately wounded.
Joseph hits you with an uncursed quarterstaff!
You die...
Xom is highly amused!

#>. ....
.....##.##...
....##.....
...##......
....... .#
########.##.. #.#
####
#....@....#.###.#
#...
#.....@...#.....#
#...
#.........†..[..#
#...
#.......(.......#
#...
######...####...#
#... #.###
##..####... #.#
#......... #.#
#..####... #.#
#..# #... #. ####
#...


You could see Joseph.

Vanquished Creatures
  Grinder (D:6)
  2 hippogriffs (D:7)
  Menkaure (D:6)
  A water moccasin (D:6)
  Duvessa (D:6)
  2 sky beasts (D:6)
  2 phantoms
  The ghost of n0ize the Skirmisher, an amateur CeFi (D:3)
  3 ogres
  A big kobold (D:5)
  A giant frog (D:6)
  Dowan (D:6)
  A scorpion (D:4)
  A howler monkey (D:6)
  A crimson imp (D:5)
  2 hounds (D:6)
  Crazy Yiuf (D:5)
  A jelly (D:6)
  An orc priest (D:3)
  A centaur skeleton (D:4)
  Ijyb (D:2)
  An iguana (D:5)
  4 orc wizards
  4 worker ants
  A killer bee zombie (D:7)
  A hound skeleton (D:4)
  A worker ant zombie (D:7)
  3 gnolls (D:5)
  10 adders
  A shadow imp (D:5)
  An adder zombie (D:7)
  4 worms
  2 adder skeletons
  A dart slug (D:2)
  6 giant geckos
  10 orcs
  A ball python (D:3)
  4 bats
  5 giant cockroaches
  8 goblins
  10 hobgoblins
  3 jackals (D:2)
  2 quokkas
  7 giant newts
  41 kobolds
  11 rats
169 creatures vanquished.

Vanquished Creatures (collateral kills)
  An orc priest (D:6)
  2 orc wizards
  A sheep (shapeshifter) (D:6)
4 creatures vanquished.

Grand Total: 173 creatures vanquished

Notes
Turn   | Place    | Note
--------------------------------------------------------------
     0 | D:1      | Sirdec the Demonspawn Chaos Knight began the quest for the Orb.
     0 | D:1      | Reached XP level 1. HP: 18/18 MP: 1/1
   107 | D:1      | Reached skill level 3 in Axes
   184 | D:1      | Gained mutation: You regenerate a little health from kills. [demonic ancestry]
   184 | D:1      | Reached XP level 2. HP: 21/24 MP: 2/2
   673 | D:2      | XOM: medium Fire miscast
   860 | D:2      | Reached XP level 3. HP: 26/29 MP: 3/3
   874 | D:2      | Noticed Ijyb
   876 | D:2      | XOM: cast spell 'Ring of Flames'
   877 | D:2      | Killed Ijyb
   877 | D:2      | Reached skill level 4 in Axes
   908 | D:2      | Found a shattered altar of Ashenzari.
  1036 | D:2      | XOM: 8-stop teleportation journey
  1052 | D:2      | XOM: mild Conj miscast
  1210 | D:2      | Gained mutation: You regenerate health from kills. [demonic ancestry]
  1210 | D:2      | Reached XP level 4. HP: 35/35 MP: 4/4
  1450 | D:3      | Noticed n0ize's ghost (amateur CeFi)
  1450 | D:3      | XOM: 2-stop teleportation journey
  1463 | D:3      | XOM: god gift: runed broad axe {god gift}
  1480 | D:3      | XOM: 1-stop teleportation journey
  1548 | D:3      | XOM: summons friendly iron imp
  1569 | D:3      | Reached XP level 5. HP: 41/41 MP: 5/5
  1591 | D:3      | Reached skill level 5 in Axes
  1861 | D:3      | Killed n0ize's ghost
  1861 | D:3      | Gained mutation: You have a pair of small horns on your head. [demonic ancestry]
  1861 | D:3      | Reached XP level 6. HP: 34/47 MP: 6/6
  1901 | D:3      | XOM: vitrification
  2023 | D:3      | XOM: medium Ice miscast
  2094 | D:4      | XOM: divination: detect items
  2096 | D:4      | XOM: confuse monster(s)
  2100 | D:4      | Reached skill level 6 in Axes
  2100 | D:4      | Reached skill level 1 in Dodging
  2263 | D:4      | XOM: divination: detect creatures
  2535 | D:4      | XOM: harmless Trmt miscast
  2540 | D:4      | XOM: divination: detect items
  2541 | D:4      | Reached XP level 7. HP: 28/52 MP: 7/7
  2610 | D:4      | XOM: harmless Air miscast
  2722 | D:4      | XOM: god gift: 27 stones
  2923 | D:4      | XOM: silly message
  3023 | D:5      | Entered Level 5 of the Dungeon
  3039 | D:5      | Found a staircase to the Ecumenical Temple.
  3045 | Temple   | Entered the Ecumenical Temple
  3161 | D:5      | XOM: harmless Pois miscast
  3215 | D:5      | XOM: silly message
  3319 | D:5      | Reached skill level 7 in Axes
  3425 | D:5      | Found a sacrificial altar of Ru.
  3599 | D:5      | XOM: god gift: bone wand {god gift}
  3698 | D:5      | Got a faintly glowing mace
  3699 | D:5      | Identified the +7 mace of the Asp {crush, rN+} (You found it on level 5 of the Dungeon)
  3736 | D:5      | XOM: noise
  3775 | D:5      | XOM: smoke on damage
  3794 | D:5      | Noticed Crazy Yiuf
  3802 | D:5      | Killed Crazy Yiuf
  3902 | D:5      | XOM: summons friendly shadow imp
  3995 | D:5      | XOM: summons friendly shadow imp
  3998 | D:5      | Gained mutation: You have a pair of horns on your head. [demonic ancestry]
  3998 | D:5      | Reached XP level 8. HP: 58/58 MP: 8/8
  4355 | D:6      | Noticed Duvessa
  4355 | D:6      | Noticed Dowan
  4358 | D:6      | XOM: divination: detect creatures
  4368 | D:6      | XOM: cast spell 'Summon Butterflies'
  4390 | D:6      | Killed Duvessa
  4390 | D:6      | Reached skill level 8 in Axes
  4391 | D:6      | Killed Dowan
  4414 | D:6      | Noticed Menkaure
  4424 | D:6      | Found a glowing silver altar of Zin.
  4460 | D:6      | Found a blossoming altar of Fedhas.
  4460 | D:6      | Found a burning altar of Makhleb.
  4561 | D:6      | Killed Menkaure
  4565 | D:6      | XOM: 6-stop teleportation journey
  4806 | D:6      | Gained mutation: You regenerate slowly when monsters are visible. [mutagenic meat]
  4807 | D:6      | Gained mutation: You have a pair of large horns on your head. [mutagenic meat]
  4833 | D:6      | XOM: enchant monster (bad)
  4837 | D:6      | XOM: enchant monster (good)
  4845 | D:6      | Gained mutation: Your spells are a little easier to cast, but a little less powerful. [mutagenic meat]
  4846 | D:6      | Gained mutation: Your movements are slightly less encumbered by armour (ER -2). [mutagenic meat]
  4847 | D:6      | Gained mutation: Your magical capacity is low (-10% MP). [mutagenic meat]
  4848 | D:6      | Gained mutation: Scrolls take you a little longer to read. [mutagenic meat]
  5024 | D:6      | Reached skill level 5 in Dodging
  5105 | D:6      | Noticed Grinder
  5122 | D:6      | Killed Grinder
  5122 | D:6      | Reached skill level 9 in Axes
  5122 | D:6      | Gained mutation: You are partially covered in molten scales (AC +1). [demonic ancestry]
  5122 | D:6      | Reached XP level 9. HP: 58/63 MP: 8/8
  5222 | D:6      | Gained mutation: You tend to lose your temper in combat. [mutagenic meat]
  5224 | D:6      | Gained mutation: You have large cloven feet. [mutagenic meat]
  5251 | D:7      | Got a steaming ivory ring
  5252 | D:7      | Identified the ring "Awuci" {MR+ Stlth-} (You found it on level 7 of the Dungeon)
  5413 | D:7      | XOM: fog
  5546 | D:7      | Found Wishrylu's Assorted Antiques.
  5669 | D:7      | Noticed Joseph
  5669 | D:7      | XOM: enchant monster (good)
  5691 | D:7      | Slain by Joseph

Skill      XL: |  1  2  3  4  5  6  7  8 |
---------------+-------------------------+-----
Axes           | 3 4 5 6 7 9 |  9.6
Armour         | 2 3 4 |  4.7
Dodging        | 1 3 5 |  5.2
Fighting       | |  3.5
Stealth        | |  0.2

Action                   |  1- 3 |  4- 6 |  7- 9 || total
-------------------------+-------+-------+-------++-------
Melee: Hand axe          |    94 |   255 |   334 ||   683
       Broad axe         |       |     1 |       ||     1
       Headbutt          |       |    16 |    62 ||    78
       War axe           |       |       |    42 ||    42
  Use: Scroll            |       |     3 |     1 ||     4
       Potion            |       |       |     1 ||     1
 Stab: Sleeping          |       |     2 |       ||     2
       Paralysed         |       |     2 |     1 ||     3
       Confused          |       |     1 |     2 ||     3
       Petrifying        |       |       |     2 ||     2
       Petrified         |       |       |     1 ||     1
  Eat: Chunk             |     1 |     5 |    17 ||    23
       Fruit             |       |       |     3 ||     3
Armor: Leather armour    |    32 |    79 |   121 ||   232
Dodge: Dodged            |    37 |   140 |   227 ||   404
